cohdb
Replays
Latest Replays
All Replays
Popular Replays
Top Player Replays
Match Explorer
How It Works
Community
CoH3 Stats
Reddit
Sign in to upload your games and track your stats! →
Sign in with Steam
Match 40835705
Unlisted
Match 40835705
Overview
Messages
Build Orders
End
Construct Infanterie Kompanie
Selects Italian Coastal Battlegroup
Selects Coastal Reserves
Coastal Reserve
GrW 34 Mortar Team
GrW 34 Mortar Team
Construct Luftwaffe Kompanie
Jäger Squad
Jäger Squad
Jäger Squad
Medical Station
Luftwaffe Officer Quarters
Selects Support Bunkers
Selects Rapid Fortifications
Rapid Fortifications
Medical Bunker
Coastal Reserve
Rapid Fortifications
Anti-tank Bunker
MG 42 Bunker
MG 42 Bunker
Selects Bulwark
Rapid Fortifications
Construct Panzer Kompanie
Anti-tank Bunker
Panzer IV Medium Tank
Rapid Fortifications
Anti-tank Bunker
Panzer IV Medium Tank
Rapid Fortifications
Repair Bunker
Panzer Officer Quarters
Rapid Fortifications
Selects Artillery Officer
Selects Obice da 210/22 Artillery Emplacement
Anti-tank Bunker
Pioneer Squad
Panzer IV Medium Tank
Rapid Fortifications
Anti-tank Bunker
Panzer IV Medium Tank
Rapid Fortifications
Anti-tank Bunker
Anti-tank Bunker
MG 42 Bunker
Panzer IV Medium Tank
Rapid Fortifications
Anti-tank Bunker
Panzer IV Medium Tank
Side Skirts
Rapid Fortifications
Anti-tank Bunker
midmaster543210
EarlofGrey
Monkey CPU
Miudai
Monseigneur
Devos
Rodey
彡★🔻SALADIN🔻★彡
0
0
Comments
sign in to comment!
No comments posted yet!